 Dungeon Crawl Stone Soup version 0.28.0-47-ge53b351184 (console) character file.

Game seed: 3620755863607124110

2061 Cab the Cleaver (level 9, -12/63 HPs)
             Began as a Demonspawn Fighter on May 4, 2022.
             Mangled by a two-headed ogre
             ... wielding a +0 giant club
              (22 damage)
             ... on level 7 of the Dungeon.
             The game lasted 00:16:39 (6659 turns).

Cab the Cleaver (Demonspawn Fighter)                Turns: 6659, Time: 00:16:39

Health: -12/63     AC: 14    Str: 20    XL:     9   Next: 5%
Magic:  9/9        EV:  9    Int: 10    God:
Gold:   230        SH:  0    Dex: 13    Spells: 8/8 levels left

rFire   + . .      SeeInvis +   i - +1 battleaxe
rCold   . . .      Faith    .   (shield currently unavailable)
rNeg    . . .      Spirit   .   g - +5 scale mail {rF+}
rPois   .          Reflect  .   (no helmet)
rElec   .          Harm     .   (no cloak)
rCorr   .          Rampage  .   (no gloves)
Will    +....                   (no boots)
Stlth   ..........              (no amulet)
HPRegen 0.20/turn               l - ring of see invisible
MPRegen 0.11/turn               o - ring of willpower

@: no status effects
A: thin metallic scales 2, demonic magic 2, weakness stinger 1
a: no special abilities


You were on level 7 of the Dungeon.
You visited 2 branches of the dungeon, and saw 8 of its levels.

You collected 230 gold pieces.

Inventory:

Hand Weapons
 a - a +0 war axe
 i - a +1 battleaxe (weapon)
Armour
 g - a +5 scale mail of fire resistance (worn)
Jewellery
 l - a ring of see invisible (left hand)
 o - a ring of willpower (right hand)
 r - a ring of ice
Wands
 c - a wand of flame (29)
 f - a wand of paralysis (1)
Scrolls
 e - 3 scrolls of teleportation
Potions
 b - 5 potions of ambrosia {unknown}
 d - a potion of might
 h - a potion of magic {unknown}
 j - 2 potions of curing
 k - a potion of lignification {unknown}
 m - a potion of resistance
 n - a potion of brilliance {unknown}
 p - a potion of attraction {unknown}
 q - a potion of degeneration {unknown}


   Skills:
 - Level 3.0 Fighting
 + Level 11.0 Axes
 - Level 2.6 Armour
 - Level 2.6 Shields
 - Level 1.1 Evocations


You had 8 spell levels left.
You didn't know any spells.
Your spell library contained the following spells:

 Spells                   Type           Power      Damage    Failure   Level
 Animate Dead             Necr           0%         N/A       100%        4
 Summon Ice Beast         Ice/Summ       0%         N/A       100%        4
 Borgnjor's Vile Clutch   Necr/Erth      0%         N/A       100%        5
 Summon Mana Viper        Hex/Summ       0%         N/A       100%        5
 Death Channel            Necr           0%         N/A       100%        6
 Monstrous Menagerie      Summ           0%         N/A       100%        7


Dungeon Overview and Level Annotations

Branches:
Dungeon (7/15)             Temple (1/1) D:5

Altars:
Ashenzari
Cheibriados
Dithmenos
Elyvilon
Fedhas
Gozag
Kikubaaqudgha
Makhleb
Nemelex Xobeh
Okawaru
Qazlal
Trog
Vehumet
Wu Jian
Yredelemnul
Zin
The Shining One


Innate Abilities, Weirdness & Mutations

You are mostly covered in thin metallic scales. (AC +3)
Spells you cast may paralyse nearby enemies.
You have a small tail.


Message History

The ball of steam misses you. The steam dragon bites you.
The steam dragon claws you but does no damage.
You hear two shouts!
You hit the steam dragon but do no damage.
The steam dragon is almost dead.
The steam dragon misses you.
The steam dragon claws you but does no damage.
You slash the steam dragon!
You kill the steam dragon!
The steam dragon scales are intact enough to wear.
Your Axes skill increases to level 11!
You have reached level 9!
Your experience leads to an increase in your attributes!
Increase (S)trength, (I)ntelligence, or (D)exterity?
You feel stronger. x2
Items here: %% ))) [[.
Things that are here:
a +0 whip; a +0 whip
Items here: %% ))) [[.
A two-headed ogre comes into view. It is wielding two +0 giant clubs.
Found 4 gold pieces.
The two-headed ogre shouts in stereo!
Press: ? - help, v - describe, . - travel
Here: a two-headed ogre, wielding two +0 giant clubs The floor.
Aiming: Throw Flame
Press: ? - help, Shift-Dir - straight line, f - two-headed ogre
Aim: a two-headed ogre, wielding two +0 giant clubs (85% to hit)
The puff of flame hits the two-headed ogre.
The two-headed ogre is lightly wounded.
You hit the two-headed ogre.
The two-headed ogre is lightly wounded.
The two-headed ogre hits you with a +0 giant club!
The two-headed ogre hits you with a +0 giant club.
You hit the two-headed ogre but do no damage.
The two-headed ogre is lightly wounded.
The two-headed ogre hits you with a +0 giant club!
* * * LOW HITPOINT WARNING * * *
The two-headed ogre hits you with a +0 giant club!!
You die... ∙▒∙∙∙∙∙∙∙▒ ▒▒▒∙▒ ∙∙$∙∙∙∙∙∙▒▒∙∙∙∙∙▒ ∙∙∙∙∙∙∙∙∙∙∙∙(∙∙∙▒▒ ∙∙∙∙∙∙∙∙∙∙∙∙∙∙∙∙∙∙ ∙∙∙∙ ▒∙∙∙∙∙∙∙∙∙∙∙∙∙∙∙∙∙ ∙∙∙∙ ▒∙∙∙∙∙∙∙∙∙∙∙∙>∙∙∙ ∙∙∙∙ ∙∙∙∙∙∙∙∙∙∙∙∙∙∙∙∙

∙∙
∙∙∙$∙∙∙O@∙∙∙▒
∙
∙$∙▒▒∙∙▒▒[∙>▒
▒▒▒▒▒▒
∙∙∙∙▒▒()∙▒▒
∙∙∙∙∙▒
▒▒▒▒▒▒▒∙∙▒∙▒▒
∙PPP∙▒
▒∙∙∙∙∙∙▒
∙P∙∙∙▒
▒▒▒▒∙∙∙∙∙▒▒
∙P∙▄∙▒
▒∙∙∙∙∙∙∙∙▒
∙P∙∙∙▒
▒∙∙∙∙∙∙∙▒▒
∙PPP∙▒
▒▒∙∙∙▒∙∙∙∙▒


You could see a two-headed ogre.

Vanquished Creatures
  Maggie (D:6)
  A steam dragon (D:7)
  2 water moccasins (D:6)
  An orc warrior (D:4)
  2 ogres
  A sky beast (D:5)
  A kobold brigand (D:6)
  2 bullfrogs
  3 scorpions
  2 wyvern skeletons
  A water moccasin skeleton (D:6)
  A centaur zombie (D:6)
  A bullfrog zombie (D:5)
  2 hounds
  A jelly (D:7)
  A gnoll shaman (D:7)
  3 iguanas
  Ijyb (D:5)
  A hound zombie (D:5)
  8 gnolls
  4 adders
  A howler monkey skeleton (D:4)
  A white imp (D:5)
  An ufetubus (D:4)
  2 worms
  3 dart slugs
  8 orcs
  9 ball pythons
  3 endoplasms
  4 giant cockroaches
  8 goblins
  6 hobgoblins
  7 jackals
  7 kobolds
  9 quokkas
  4 bats (D:2)
  5 frilled lizards
  5 rats
123 creatures vanquished.

Vanquished Creatures (others)
  A fungus (D:4)
  A plant (D:4)
2 creatures vanquished.

Grand Total: 125 creatures vanquished

Notes
Turn   | Place    | Note
-------+----------+-------------------------------------------
     0 | D:1      | Cab the Demonspawn Fighter began the quest for the Orb.
     0 | D:1      | Reached XP level 1. HP: 18/18 MP: 1/1
    14 | D:1      | Reached skill level 2 in Axes
   143 | D:1      | Gained mutation: Spells you cast may paralyse adjacent
                  | enemies. [demonic ancestry]
   143 | D:1      | Reached XP level 2. HP: 21/24 MP: 2/2
   218 | D:1      | Reached skill level 3 in Axes
   514 | D:1      | You fall into a shaft and drop 1 floor!
   595 | D:1      | Found a faded altar of an unknown god.
   763 | D:2      | Reached XP level 3. HP: 29/29 MP: 3/3
   942 | D:2      | Found a radiant altar of Vehumet.
  1106 | D:2      | Identified the +2 whip "Ranops" {vorpal, Contam rElec rF+
                  | Will+}
  1402 | D:2      | Reached skill level 4 in Axes
  1402 | D:2      | Reached XP level 4. HP: 31/35 MP: 4/4
  2768 | D:4      | Found an opulent altar of Gozag.
  2813 | D:4      | Gained mutation: You have a small tail. [demonic ancestry]
  2813 | D:4      | Reached XP level 5. HP: 41/41 MP: 5/5
  2858 | D:4      | Found a blossoming altar of Fedhas.
  2860 | D:4      | Noticed an orc warrior
  2883 | D:4      | Found a stormy altar of Qazlal.
  3153 | D:4      | Reached skill level 5 in Axes
  3191 | D:4      | Noticed an ogre
  3201 | D:4      | Killed an ogre
  3371 | D:4      | HP: 1/41 [orc warrior/+0 battleaxe (11)]
  3379 | D:4      | Killed an orc warrior
  3380 | D:4      | Reached skill level 6 in Axes
  3380 | D:4      | Gained mutation: You are partially covered in thin metallic
                  | scales. (AC +2) [demonic ancestry]
  3380 | D:4      | Reached XP level 6. HP: 12/47 MP: 6/6
  4012 | D:5      | Entered Level 5 of the Dungeon
  4151 | D:5      | Reached skill level 7 in Axes
  4151 | D:5      | Gained mutation: Spells you cast may paralyse nearby
                  | enemies. [demonic ancestry]
  4151 | D:5      | Reached XP level 7. HP: 45/52 MP: 7/7
  4267 | D:5      | Found a staircase to the Ecumenical Temple.
  4286 | Temple   | Entered the Ecumenical Temple
  4377 | D:5      | Noticed Ijyb
  4411 | D:5      | Paralysed by Ijyb for 5 turns
  4420 | D:5      | Paralysed by Ijyb for 5 turns
  4425 | D:5      | Killed Ijyb
  4448 | D:5      | Reached skill level 8 in Axes
  5096 | D:5      | Found a snail-covered altar of Cheibriados.
  5141 | D:6      | Found a radiant altar of Vehumet.
  5269 | D:6      | Gained mutation: You are mostly covered in thin metallic
                  | scales. (AC +3) [demonic ancestry]
  5269 | D:6      | Reached XP level 8. HP: 40/58 MP: 8/8
  5372 | D:6      | Reached skill level 9 in Axes
  5815 | D:6      | Noticed Maggie
  5828 | D:6      | Killed Maggie
  5853 | D:6      | Reached skill level 10 in Axes
  5874 | D:6      | Reached skill level 1 in Evocations
  6529 | D:7      | Found a shadowy altar of Dithmenos.
  6651 | D:7      | Reached skill level 11 in Axes
  6651 | D:7      | Reached XP level 9. HP: 41/63 MP: 9/9
  6654 | D:7      | Noticed a two-headed ogre
  6659 | D:7      | Mangled by a two-headed ogre

Illustrated notes

Levels and vault maps discovered:
D:1:      minmay_arrival_radiant_lines, layout_rooms,
          shapermc_ecumenical_altar_mp_vishouse, minmay_tetromino_s2
D:2:      layout_basic, basic_altar, amcnicky_mini_corridor_feature,
          minmay_ruptured
D:3:      layout_basic, mainiacjoe_overflow_six_doors_small
D:4:      layout_loops_cross, grunt_temple_overflow_forces_of_nature,
          grunt_gozag_breadcrumbs, palyth_stone_intersect
D:5:      layout_basic, kennysheep_mini, minmay_temple_entry_hall, st_stairs_2,
          uniq_ijyb
D:6:      layout_basic, mainiacjoe_overflow_boulevard, portal_sewer_entry_f,
          uniq_maggie
D:7:      layout_cave_pools, mainiacjoe_overflow_alcove_4,
          nicolae_overflow_hidden_temple
Temple:   zaba_magenta_temple

Skill      XL: |  1  2  3  4  5  6  7  8 |
---------------+-------------------------+-----
Axes           | 2 3 4 6 7 8 11 | 11.0
Evocations     | 1 |  1.1
Fighting       | |  3.0
Armour         | |  2.6
Shields        | |  2.6

Action                   |  1- 3 |  4- 6 |  7- 9 || total
-------------------------+-------+-------+-------++-------
Melee: War axe           |   103 |   138 |       ||   241
       Tailslap          |       |     5 |    29 ||    34
       Battleaxe         |       |    31 |   154 ||   185
Evoke: Wand              |       |       |    13 ||    13
  Use: Scroll            |       |     8 |     4 ||    12
       Potion            |       |     3 |     2 ||     5
 Stab: Paralysed         |       |       |     3 ||     3
Armor: Scale mail        |    61 |    87 |   113 ||   261
Dodge: Dodged            |    58 |    84 |    65 ||   207
Block: Buckler           |    26 |    27 |       ||    53
